 Dungeon Crawl Stone Soup version 0.26.0-45-g9c1d065592 (webtiles) character file.

Game seed: 17098347571443553267

4333 Morgon the Basher (level 10, -8/78 HPs)
             Began as a Ghoul Monk on Jan 30, 2021.
             Was an Initiate of Gozag.
             Mangled by a guardian serpent (20 damage)
             ... on level 8 of the Dungeon.
             The game lasted 00:35:11 (11197 turns).

Morgon the Basher (Ghoul Monk)                     Turns: 11197, Time: 00:35:12

Health: -8/78      AC: 13    Str: 16 (19) XL:     10   Next: 33%
Magic:  18/18      EV: 12    Int:  9      God:    Gozag
Gold:   1227       SH:  0    Dex: 15 (16) Spells: 9/9 levels left

rFire    + . .     SeeInvis .   a - +0 flail (protect)
rCold    + + +     Faith    .   (no shield)
rNeg     + + +     Spirit   .   M - +0 chain mail
rPois    ∞         Reflect  .   h - +1 helmet
rElec    +         Harm     .   (no cloak)
rCorr    +         Rampage  .   g - +0 pair of gloves
Will     .....                  (no boots)
Stlth    ..........             j - amulet of the acrobat
HPRegen  0.00/turn              y - ring of magical power
MPRegen  0.16/turn              C - ring of the Chupacabra {rC+ EV+4 Int+4 Dex+5}

@: resistant (expiring), hasted and slowed
A: claws 1, cold resistance 1, negative energy resistance 3, inhibited
regeneration, torment resistance, unbreathing
a: Renounce Religion, Potion Petition, Call Merchant, Bribe Branch


You were on level 8 of the Dungeon.
You worshipped Gozag.
Gozag was most pleased with you.
You visited 2 branches of the dungeon, and saw 9 of its levels.

You collected 1227 gold pieces.

Inventory:

Hand Weapons
 a - a +0 flail of protection (weapon)
 b - a +0 flail
 l - the +0 flail "Luymuu" {pain, rPois rF- Will+ Dex+2}
   (You found it on level 7 of the Dungeon)

   In the hands of one skilled in necromantic magic, it inflicts extra damage on
   living creatures.
   It affects your dexterity (+2).
   It makes you vulnerable to fire.
   It protects you from poison.
   It affects your willpower, your defense against some magical effects.
 v - a +0 whip of venom
Missiles
 c - 6 datura-tipped darts
 i - 28 poisoned darts
 x - 3 curare-tipped darts (quivered)
Armour
 g - a +0 pair of gloves (worn)
 h - a +1 helmet (worn)
 s - a +0 scale mail
 w - a +1 ring mail of poison resistance
 M - a +0 chain mail (worn)
 P - a +0 plate armour
Jewellery
 j - an amulet of the acrobat (around neck)
 y - a ring of magical power (left hand)
 C - the ring of the Chupacabra (right hand) {rC+ EV+4 Int+4 Dex+5}
   (You found it on level 7 of the Dungeon)

   [ring of evasion]

   It affects your evasion (+4).
   It affects your intelligence (+4).
   It affects your dexterity (+5).
   It protects you from cold.
Wands
 d - a wand of random effects (10)
 e - a wand of flame (15)
 n - a wand of polymorph (1)
 D - a wand of iceblast (6)
Scrolls
 o - a scroll of enchant weapon {unknown}
 t - a scroll of blinking {unknown}
 u - 2 scrolls of enchant armour
 B - 2 scrolls of teleportation
 E - a scroll of fog {unknown}
 F - 2 scrolls of immolation {unknown}
 G - 4 scrolls of magic mapping
 H - 5 scrolls of remove curse
 I - a scroll of brand weapon {unknown}
 N - a scroll of fear {unknown}
Potions
 k - 3 potions of ambrosia
 m - a potion of magic
 q - 3 potions of curing
 r - a potion of resistance
 A - a potion of flight {unknown}
 J - 2 potions of berserk rage
 K - a potion of might {unknown}
 O - a potion of brilliance {unknown}
 Q - a potion of degeneration {unknown}
Miscellaneous
 p - a phial of floods


   Skills:
 + Level 4.0 Fighting
 - Level 12.0 Maces & Flails
 - Level 6.0 Armour
 - Level 2.6 Dodging
 - Level 2.1 Stealth


You had 9 spell levels left.
You didn't know any spells.
Your spell library contained the following spells:

 Spells                   Type           Power        Failure   Level
 Apportation              Tloc           0%           99%         1
 Magic Dart               Conj           0%           99%         1
 Blink                    Tloc           N/A          100%        2
 Call Imp                 Summ           0%           100%        2
 Slow                     Hex            0%           100%        2
 Conjure Flame            Conj/Fire      0%           100%        3
 Lesser Beckoning         Tloc           0%           100%        3
 Mephitic Cloud           Conj/Pois/Air  0%           100%        3
 Tukima's Dance           Hex            0%           100%        3
 Alistair's Intoxication  Tmut/Pois      0%           100%        5
 Bolt of Magma            Conj/Fire/Erth 0%           100%        5
 Iskenderun's Battlesphe  Conj           0%           100%        5
 Invisibility             Hex            0%           100%        6
 Iron Shot                Conj/Erth      0%           100%        6
 Orb of Destruction       Conj           0%           100%        7
 Spellforged Servitor     Conj/Summ      0%           100%        7


Dungeon Overview and Level Annotations

Branches:
Dungeon (8/15)             Temple (1/1) D:7
   Lair: D:8-11

Altars:
Elyvilon
Gozag
Kikubaaqudgha
Nemelex Xobeh
Okawaru
Ru
Trog
Uskayaw
Vehumet
Wu Jian
Xom
Yredelemnul
Zin
The Shining One

Shops:
D:4 }

Annotations:
D:7 2 runed translucent doors, 2 transporters, 0gre's ghost, novice GnIE


Innate Abilities, Weirdness & Mutations

You thrive by killing the living.
You are immune to poison.
You have sharp fingernails.
Your flesh is cold resistant. (rC+)
You are immune to negative energy. (rN+++)
You do not regenerate when monsters are visible.
You are immune to unholy pain and torment.
You can survive without breathing.


Message History

The shadow imp hits you but does no damage.
The guardian serpent hits you but does no damage.
The shadow imp closely misses you.
You miss the guardian serpent.
The guardian serpent is moderately wounded.
The guardian serpent hits you!
* * * LOW HITPOINT WARNING * * *
The guardian serpent casts a spell at you.
You resist with significant effort. The shadow imp barely misses you.
It was a potion of magic.
Magic courses through your body.
You start to feel less resistant.
The guardian serpent casts a spell at you.
You feel as though you will be slow longer.
The shadow imp hits you but does no damage.
The guardian serpent hits you!
* * * LOW HITPOINT WARNING * * *
It was a potion of haste.
You feel yourself speed up. The guardian serpent hits you!!
You die...
Your body crumbles into a pile of gold.

♣P...###......
♣.≈♣.# #......
♣.≈..# ###....
♣.≈.♣# #....
♣.P♣♣ #....
♣♣♣♣♣.♣♣♣#
#....
♣........#
#....
♣5♣♣♣♣♣[♣#
#.... ♣@♣
♣...♣# #####
♣S♣ ♣♣♣..# .
♣.♣ ♣..≈.#
##....
♣.♣♣♣♣♣♣♣♣♣♣♣.♣
♣.≈≈.# #.....
♣.............♣
♣♣≈≈.# #.....
♣♣♣♣♣♣♣B♣♣♣♣♣♣♣
♣..♣# #.....
#5# ♣.♣# #....
h5. ♣♣.♣♣ #....


ZrZho #♣...♣# #.... You could see a guardian serpent and a shadow imp.

Vanquished Creatures
  A cyclops (D:7)
  A hornet (D:7)
  A yak (D:8)
  A steam dragon (D:6)
  Menkaure (D:4)
  3 orc warriors
  A phantom (D:5)
  A black bear (D:6)
  3 ogres
  7 centaurs
  3 bullfrogs
  4 scorpions
  2 howler monkeys
  7 hounds
  A jelly (D:6)
  9 orc wizards
  4 orc priests
  2 bullfrog skeletons
  5 worker ants
  Terence (D:2)
  2 iguanas
  A killer bee zombie (D:6)
  A worker ant zombie (D:8)
  11 adders
  49 gnolls
  A shadow imp (D:7)
  2 white imps (D:5)
  An ufetubus (D:8)
  2 worms
  2 dart slugs
  2 leopard geckos
  30 orcs
  4 bats
  2 giant cockroaches
  3 goblins
  5 hobgoblins
  21 jackals
  4 kobolds
  3 quokkas
  A ball python (D:4)
  8 frilled lizards
  A leopard gecko skeleton (D:8)
  6 rats
220 creatures vanquished.

Vanquished Creatures (others)
  9 plants (D:8)
9 creatures vanquished.

Grand Total: 229 creatures vanquished

Notes
Turn   | Place    | Note
-------+----------+-------------------------------------------
     0 | D:1      | Morgon the Ghoul Monk began the quest for the Orb.
     0 | D:1      | Reached XP level 1. HP: 19/19 MP: 0/0
   135 | D:1      | Reached XP level 2. HP: 19/26 MP: 1/1
   147 | D:1      | Reached skill level 3 in Maces & Flails
   499 | D:1      | Reached XP level 3. HP: 33/33 MP: 2/2
   955 | D:2      | Noticed Terence
   974 | D:2      | Killed Terence
   975 | D:2      | Reached skill level 4 in Maces & Flails
   975 | D:2      | Reached XP level 4. HP: 32/40 MP: 3/3
  1638 | D:2      | Reached XP level 5. HP: 35/46 MP: 4/4
  2327 | D:3      | Reached skill level 5 in Maces & Flails
  2519 | D:3      | Found a sacrificial altar of Ru.
  2657 | D:3      | Reached skill level 1 in Armour
  2805 | D:4      | Noticed Menkaure
  2868 | D:4      | Killed Menkaure
  2869 | D:4      | Reached XP level 6. HP: 12/52 MP: 5/5
  3488 | D:4      | Reached skill level 6 in Maces & Flails
  3488 | D:4      | Reached XP level 7. HP: 58/59 MP: 6/6
  3757 | D:4      | Found Xesurgh's Gadget Boutique.
  4319 | D:5      | Entered Level 5 of the Dungeon
  5309 | D:5      | Reached skill level 7 in Maces & Flails
  5309 | D:5      | Reached XP level 8. HP: 30/66 MP: 7/7
  5942 | D:6      | HP: 1/66 [orc warrior/+0 trident (10)]
  6505 | D:6      | Reached skill level 5 in Armour
  7203 | D:7      | Reached skill level 8 in Maces & Flails
  7216 | D:7      | Found a staircase to the Ecumenical Temple.
  7231 | Temple   | Entered the Ecumenical Temple
  7263 | Temple   | Became a worshipper of Gozag Ym Sagoz the Greedy
  7370 | D:7      | Noticed a hornet
  7394 | D:7      | Killed a hornet
  7395 | D:7      | Reached XP level 9. HP: 40/71 MP: 8/8
  7593 | D:7      | Reached skill level 9 in Maces & Flails
  7647 | D:7      | Got a scorched flail
  7648 | D:7      | Identified the +0 flail "Luymuu" {pain, rPois rF- Will+
                  | Dex+2} (You found it on level 7 of the Dungeon)
  8333 | D:6      | Reached skill level 10 in Maces & Flails
  9456 | D:7      | Found a hide-covered altar of Uskayaw.
  9546 | D:7      | Found a large runed translucent door.
  9547 | D:7      | Found a large runed translucent door.
  9549 | D:7      | Found a large runed translucent door.
  9549 | D:7      | Found a large runed translucent door.
  9589 | D:7      | Got a glittering wooden ring
  9590 | D:7      | Identified the ring of the Chupacabra {rC+ EV+4 Int+4
                  | Dex+5} (You found it on level 7 of the Dungeon)
  9737 | D:7      | Reached skill level 11 in Maces & Flails
  9754 | D:7      | Reached XP level 10. HP: 62/78 MP: 9/9
  9941 | D:7      | Noticed a cyclops
  9974 | D:7      | Killed a cyclops
 10154 | D:7      | Noticed 0gre's ghost (novice GnIE)
 10155 | D:7      | Found a transporter.
 10156 | D:7      | Identified the +10 great mace of the Pillar {chaos, rPois
                  | rN+}
 10159 | D:7      | Found a transporter.
 10610 | D:8      | Noticed a boulder beetle
 11113 | D:8      | Reached skill level 12 in Maces & Flails
 11186 | D:8      | Noticed a guardian serpent
 11186 | D:8      | a boulder beetle changed into a guardian serpent
 11197 | D:8      | Mangled by a guardian serpent

Illustrated notes

Levels and vault maps discovered:
D:1:      dpeg_arrival_another_circle, layout_loops_ring, feat_on_display
D:2:      layout_basic, uniq_terence
D:3:      layout_basic, nicolae_ru_the_path_less_chosen
D:4:      layout_rooms, serial_shops, shop, roderic_three_in_a_row,
          uniq_menkaure
D:5:      layout_basic
D:6:      lemuel_castle_with_subvaults [lemuel_castle_interior_original],
          layout_basic
D:7:      layout_rooms, lemuel_coloured_pillars_altar, minmay_temple_entry_tees,
          gammafunk_ghost_smash, minmay_hollow_rounded_squares
D:8:      nzn_winding_woodlands_large [nzn_winding_woodlands_hourglass,
          nzn_winding_woodlands_5x15_crooked,
          nzn_winding_woodlands_5x5_open_star,
          nzn_winding_woodlands_center_lodge,
          nzn_winding_woodlands_15x15_boxy_spiral,
          nzn_winding_woodlands_center_garden, nzn_winding_woodlands_5x5_three,
          nzn_winding_woodlands_5x15_pathside_ponds,
          nzn_winding_woodlands_5x5_default], layout_basic
Temple:   regret_index_temple_sigil_plot

Skill      XL: |  1  2  3  4  5  6  7  8  9 10 |
---------------+-------------------------------+-----
Maces & Flails | 3 4 5 6 7 8 11 12 | 12.0
Fighting       | 4 |  4.0
Armour         | 2 4 6 |  6.0
Dodging        | |  2.6
Stealth        | |  2.1

Action                   |  1- 3 |  4- 6 |  7- 9 | 10-12 || total
-------------------------+-------+-------+-------+-------++-------
Melee: Mace              |    98 |   107 |       |       ||   205
       Flail             |       |   100 |   757 |   209 ||  1066
Evoke: Wand              |       |       |       |     4 ||     4
  Use: Potion            |       |       |     1 |     5 ||     6
       Scroll            |       |       |     1 |     5 ||     6
 Stab: Distracted        |       |       |     1 |     1 ||     2
Armor: Ring mail         |    40 |    21 |       |       ||    61
       Chain mail        |       |   105 |   272 |    77 ||   454
       Scale mail        |       |       |   147 |       ||   147
Dodge: Dodged            |    69 |    95 |   371 |   120 ||   655
